 Dungeon Crawl Stone Soup version 0.28.0-45-g0d030f2227 (webtiles) character file.

Game seed: 2277906759564965605

85 101zpm the Chiller (level 4, -1/24 HPs)
             Began as a Deep Elf Ice Elementalist on Apr 20, 2022.
             Succumbed to an orc wizard's poison
             ... on level 3 of the Dungeon.
             The game lasted 00:02:57 (1637 turns).

101zpm the Chiller (Deep Elf Ice Elementalist)      Turns: 1637, Time: 00:02:57

Health: -1/24      AC:  2    Str:  5    XL:     4   Next: 25%
Magic:  12/12      EV: 12    Int: 22    God:
Gold:   68         SH:  0    Dex: 15    Spells: 11/12 levels left

rFire   + . .      SeeInvis .   d - staff of conjuration
rCold   . . .      Faith    .   (no shield)
rNeg    . . .      Spirit   .   a - +0 robe
rPois   .          Reflect  +   (no helmet)
rElec   .          Harm     .   (no cloak)
rCorr   .          Rampage  .   (no gloves)
Will    .....                   (no boots)
Stlth   +.........              h - amulet of reflection
HPRegen 0.08/turn               f - ring of protection from fire
MPRegen 0.13/turn               (no ring)

@: confused, lethally poisoned (-1 -> -10)
A: no striking features
a: no special abilities


You were on level 3 of the Dungeon.
You visited 1 branch of the dungeon, and saw 3 of its levels.

You collected 68 gold pieces.

Inventory:

Armour
 a - a +0 robe (worn)
Magical Staves
 d - a staff of conjuration (weapon)
 e - a staff of poison
Jewellery
 f - a ring of protection from fire (left hand)
 h - an amulet of reflection (around neck)
Scrolls
 c - 5 scrolls of identify {unknown}
 l - a scroll of blinking {unknown}
Potions
 b - a potion of mutation {unknown}
 g - a potion of cancellation {unknown}
 i - 2 potions of brilliance {unknown}
 j - a potion of flight {unknown}
 k - a potion of invisibility {unknown}


   Skills:
 + Level 2.6 Dodging
 + Level 2.6 Stealth
 + Level 4.8 Spellcasting
 + Level 5.3 Ice Magic


You had 11 spell levels left.
You knew the following spells:

 Your Spells              Type           Power      Damage    Failure   Level
a - Freeze                Ice            100%       1d11      1%          1

Your spell library contained the following spells:

 Spells                   Type           Power      Damage    Failure   Level
 Frozen Ramparts          Ice            56%        1d7       3%          3
 Ozocubu's Armour         Ice            28%        N/A       3%          3
 Hailstorm                Conj/Ice       25%        3d7       34%         4


Dungeon Overview and Level Annotations

Branches:
Dungeon (3/15)

Altars:

Shops:
D:1 *(


Message History

Aiming: Freeze (safe; 1% risk of failure)
Press: ? - help, Q - select action Shift-Dir - straight line, f/p - adder
Aim: an adder (moderately wounded, slow)
You freeze the adder!
You kill the adder!
i - 2 pink potions (gained 1)
k - a fizzy white potion You see here 16 stones.
l - a scroll labelled NIBACSAHIDGH Done exploring.
Done exploring.
Done exploring.
No target in view!
(D) Dungeon
Where to? (Enter - D:1 @ (x,y), ? - help)
Okay, then.
(D) Dungeon
Where to? (Enter - D:1 @ (x,y), ? - help)
What level of the Dungeon? (default 1, ? - help)
There is a stone staircase leading down here.
You climb downwards.
The orc wizard shouts!
The orc shouts!
You hear a shout!
The orc shouts! x2
Found a robe and a ring mail.
Found a stone staircase leading down.
There is a stone staircase leading up here.
There are monsters nearby!
The orc wizard hits you with a +0 dagger of venom.
You are poisoned.
The orc wizard casts a spell at you.
You are confused.
The orc misses you. The orc hits you with a +0 trident.
In your confused state, you trip and fall back down the stairs.
You feel very sick. The orc hits you with a +0 flail.
The orc wizard points at you and mumbles some strange words.
The magic dart hits you.
* * * LOW HITPOINT WARNING * * *
The orc hits you with a +0 flail.
* * * LOW HITPOINT WARNING * * *
The orc misses you.
You die...

# #. ##.###
##.....##
g.......##
......o..#
.....o.@o#
......o.o......
.........#####.
..........
...........
...........#
##....[..>[#
###.......#


You could see 2 orc wizards, 3 orcs and a goblin.

Vanquished Creatures
  Jessica (D:2)
  3 adders (D:2)
  2 dart slugs (D:2)
  3 ball pythons (D:2)
  2 bats (D:2)
  4 endoplasms (D:2)
  A giant cockroach (D:2)
  2 hobgoblins (D:2)
  A jackal (D:2)
  A quokka (D:2)
  A frilled lizard (D:2)
  4 goblins (D:2)
  A kobold (D:2)
  2 rats (D:2)
28 creatures vanquished.

Notes
Turn   | Place    | Note
-------+----------+-------------------------------------------
     0 | D:1      | 101zpm the Deep Elf Ice Elementalist began the quest for
                  | the Orb.
     0 | D:1      | Reached XP level 1. HP: 10/10 MP: 6/6
    32 | D:1      | Found Ucin's Weapon Shoppe.
    78 | D:1      | Found Pelun's General Store.
   268 | D:2      | Reached XP level 2. HP: 15/15 MP: 6/8
   594 | D:2      | Reached XP level 3. HP: 5/19 MP: 0/10
   985 | D:2      | Reached skill level 5 in Ice Magic
  1341 | D:2      | Noticed Jessica
  1346 | D:2      | Killed Jessica
  1347 | D:2      | Reached XP level 4. HP: 24/24 MP: 9/12
  1636 | D:3      | HP: 1/24 [orc/+0 flail (6)]
  1637 | D:3      | Succumbed to an orc wizard's poison

Illustrated notes

Levels and vault maps discovered:
D:1:      ldierk_walled_garden_2, layout_rooms, serial_shops,
          nicolae_shop_bloodbath_and_beyond, nicolae_shop_waterfront,
          nicolae_shop_temple_entry_statues_fountains, nicolae_shop_crystal,
          ebering_ecumenical_altar_sacrificial
D:2:      minmay_spotlight, layout_loops_ring, uniq_jessica
D:3:      layout_rooms, nicolae_overflow_crystal_walls, serial_shops, shop,
          chequers_jeans, uniq_ijyb, uniq_terence

Skill      XL: |  1  2  3 |
---------------+----------+-----
Spellcasting   | 4 |  4.8
Ice Magic      | 5 |  5.3
Dodging        | |  2.6
Stealth        | |  2.6

Action                   |  1- 3 |  4- 6 || total
-------------------------+-------+-------++-------
Melee: Staff             |     4 |       ||     4
       Punch             |     1 |       ||     1
 Cast: Freeze            |    40 |     4 ||    44
Armor: Robe              |     7 |       ||     7
Dodge: Dodged            |    21 |     2 ||    23
Block: Other             |     1 |       ||     1
